 Dungeon Crawl Stone Soup version 0.31-a0-931-g7b59d4eb97 (webtiles) character file.

Game seed: 2106463138756221525

128 Error4North the Twirler (level 5, 0/53 HPs)
             Began as an Ogre Gladiator on Oct 19, 2023.
             Slain by Crazy Yiuf
             ... wielding a +2 quarterstaff of chaos
              (7 damage)
             ... on level 3 of the Dungeon.
             The game lasted 00:07:45 (2640 turns).

Error4North the Twirler (Ogre Gladiator)            Turns: 2640, Time: 00:07:46

Health: 0/53       AC:  4    Str: 18    XL:     5   Next: 11%
Magic:  5/5        EV: 10    Int:  9    God:
Gold:   156        SH:  0    Dex: 12    Spells: 4/4 levels left

rFire   . . .        a - +0 quarterstaff
rCold   . . .        (shield currently unavailable)
rNeg    . . .        b - +0 robe
rPois   .            c - +0 hat
rElec   .            j - +0 cloak
rCorr   .            (gloves unavailable)
SInv    .            (boots unavailable)
Will    +....        (no amulet)
Stlth   +            f - ring of willpower
HPRegen 0.28/turn    (no ring)
MPRegen 0.09/turn

%: no passive effects
@: no status effects
A: large, unfitting armour, tough skin 1
a: no special abilities


You were on level 3 of the Dungeon.
You visited 1 branch of the dungeon, and saw 3 of its levels.

You collected 156 gold pieces.

Inventory:

Hand Weapons
 a - a +0 quarterstaff (weapon)
Missiles
 d - 3 throwing nets
 e - a large rock (quivered)
Armour
 b - a +0 robe (worn)
 c - a +0 hat (worn)
 j - a +0 cloak (worn)
Jewellery
 f - a ring of willpower (left hand)
Scrolls
 k - a scroll of fog {unknown}
 l - 2 scrolls of torment {unknown}
 m - a scroll of fear {unknown}
 p - a scroll of identify {unknown}
Potions
 h - a potion of mutation {unknown}
 i - a potion of heal wounds
 n - 3 potions of curing {unknown}
 o - a potion of ambrosia {unknown}


   Skills:
 * Level 3.5 Fighting
 + Level 4.5 Staves
 + Level 2.0 Throwing
 * Level 0.4 Armour
 * Level 3.5 Dodging
 + Level 0.1 Stealth


You had 4 spell levels left.
You didn't know any spells.
Your spell library was empty.

Dungeon Overview and Level Annotations

Branches:
Dungeon (3/15)

Altars:
Gozag

Annotations:
D:3 Crazy Yiuf


Innate Abilities, Weirdness & Mutations

You are too large for most types of armour.
You have tough skin. (AC +1)


Message History

There is a stone staircase leading up, spattered with blood here.
The gnoll hits you with a +0 flail!
You climb upwards.
There is a stone staircase leading down here.
You sock the gnoll!
The gnoll is almost dead.
The gnoll hits you with a +0 flail. The gnoll barely misses you.
You sock the gnoll!
You kill the gnoll!
Items here: )) ÷ †.
There is a stone staircase leading down here.
You climb downwards.
There is a stone staircase leading up here.
HP restored.
You see here a +0 mace.
There is a stone staircase leading down here.
Found a hammer.
Found a runed translucent door.
Crazy Yiuf shouts!
You open the door. You barely miss Crazy Yiuf.
Crazy Yiuf hits you with a +2 quarterstaff of chaos!
You hit Crazy Yiuf but do no damage.
Crazy Yiuf whimpers, "Fire!"
Crazy Yiuf hits you with a +2 quarterstaff of chaos!
Space warps around you.
You closely miss Crazy Yiuf.
Crazy Yiuf hits you with a +2 quarterstaff of chaos!
You resist with almost no effort.
You completely miss Crazy Yiuf.
Crazy Yiuf hits you with a +2 quarterstaff of chaos!
* * * LOW HITPOINT WARNING * * *
You barely miss Crazy Yiuf.
Crazy Yiuf hits you with a +2 quarterstaff of chaos.
* * * LOW HITPOINT WARNING * * *
Crazy Yiuf burns you.
* * * LOW HITPOINT WARNING * * *
You sock Crazy Yiuf!
Crazy Yiuf is severely wounded.
Crazy Yiuf hits you with a +2 quarterstaff of chaos!
You die...

....... #........
....... #########
....... #######
♣♣♣♣♣## ###
♣♣♣.♣...###
#...#♣..♣......##
#...g@♣♣♣♣......#
#)..#♣♣ ♣♣..#..#
### ♣♣##..######
#........
#########


You could see Crazy Yiuf.

Vanquished Creatures
  An orc priest (D:3)
  An orc wizard (D:3)
  A gnoll (D:2)
  A worm (D:2)
  2 dart slugs (D:1)
  4 orcs
  3 endoplasms
  4 giant cockroaches
  5 goblins
  5 hobgoblins
  6 jackals
  3 quokkas
  4 ball pythons
  4 bats
  7 frilled lizards
  A kobold (D:1)
  A rat (D:3)
53 creatures vanquished.

Notes
Turn   | Place    | Note
-------+----------+-------------------------------------------
     0 | D:1      | Error4North the Ogre Gladiator began the quest for the Orb.
     0 | D:1      | Reached XP level 1. HP: 22/22 MP: 1/1
    80 | D:1      | Reached XP level 2. HP: 24/29 MP: 2/2
   829 | D:1      | Reached XP level 3. HP: 37/37 MP: 3/3
  1216 | D:2      | Found a faded altar of an unknown god.
  2016 | D:3      | Found an opulent altar of Gozag.
  2304 | D:3      | Reached skill level 4 in Staves
  2304 | D:3      | Reached XP level 4. HP: 42/45 MP: 4/4
  2448 | D:3      | Reached XP level 5. HP: 47/53 MP: 5/5
  2630 | D:3      | Found a runed translucent door.
  2631 | D:3      | Noticed Crazy Yiuf
  2640 | D:3      | Slain by Crazy Yiuf

Illustrated notes

Levels and vault maps discovered:
D:1:      nzn_arrival_crosshair, layout_basic
D:2:      layout_loops_ring, nicolae_ecumenical_lake_church
D:3:      cheibrodos_greedy_goblins, layout_basic,
          nicolae_overflow_ecumenical_swirl,
          mainiacjoe_overflow_six_doors_small, kennysheep_generic_room_5,
          uniq_crazy_yiuf_cottage

Skill      XL: |  1  2  3 |
---------------+----------+-----
Dodging        | 3 |  3.5
Fighting       | 3 |  3.5
Staves         | 4 |  4.5
Throwing       | |  2.0
Armour         | |  0.4
Stealth        | |  0.1

Action                     |  1- 3 |  4- 6 || total
---------------------------+-------+-------++-------
  Melee: Quarterstaff      |   123 |    31 ||   154
  Throw: Large rock        |     3 |       ||     3
    Use: Potion            |     2 |       ||     2
 Armour: Robe              |   104 |    24 ||   128
  Dodge: Dodged            |    76 |    11 ||    87

Table legend: (Time is in decaauts)
 A = Elapsed time spent in this place.
 B = Non-inter-level travel time spent in this place.
 C = Inter-level travel time spent in this place.
 D = Time resting spent in this place.
 E = Time spent auto-exploring this place.
 F = Levels seen in this place.
 G = Mean time per level.
                   A        B        C        D        E       F      G
               +--------+--------+--------+--------+--------+-----+--------+
         Total |   2648 |   2501 |    147 |     94 |   1753 |   3 |  882.7 |
       Dungeon |   2648 |   2501 |    147 |     94 |   1753 |   3 |  882.7 |
               +--------+--------+--------+--------+--------+-----+--------+

Top non-repeatable levels by time:
     D:1: 1091 daAuts
     D:2: 997 daAuts
     D:3: 559 daAuts
